AoeStats
← Isaiahtoth43

Oasis

507630096Analyzed
2v2 RM · 12d ago on Sep 19, 2026· 60m 41s· 4 players
Game mode
Random Map
Map size
Medium (4 player)
Population
200
Speed
Normal
Resources
Standard
Victory
Conquest
Starting age
Dark Age
Ending age
Imperial Age
RankedLock teamsTeams togetherTeam positionsShared explorationLock speedFull tech treeHidden civsTurbo modeCheats
Victory
Defeat
🇨🇱 Mapuche · Chile
675
+18
🇧🇷 Italians · Brazil
607
+20
🇺🇸 Saracens · United States
716
-19
🇺🇸 Celts · United States
700
-19
patitocarlos
1:53 Loom
13:31 Feudal Age
20:46 Castle Age
19:55 Double-Bit Axe
20:54 Horse Collar
21:07 Gold Mining
23:08 Wheelbarrow
23:03 Bow Saw
22:55 Heavy Plow
23:50 Gold Shaft Mining
28:05 Hand Cart
35:16 Imperial Age
34:42 Elite Skirmisher
35:08 Pikeman
36:53 Onager
38:29 Ballistics
39:09 Chemistry
37:40 Halberdier
38:39 Butalmapu
39:30 Forging
40:41 Town Watch
41:18 Elite Bolas Rider
42:22 Town Patrol
47:30 Elite Kona
51:29 Fletching
51:39 Padded Archer Armor
52:15 Iron Casting
55:25 Bodkin Arrow
55:46 Leather Archer Armor
Med
2:35 Loom
12:25 Feudal Age
13:08 Double-Bit Axe
16:11 Stone Mining
16:12 Gold Mining
16:24 Horse Collar
17:39 Town Watch
24:36 Castle Age
25:41 Bow Saw
26:11 Stone Shaft Mining
26:32 Crossbowman
28:01 Squires
29:08 Bloodlines
29:47 Pikeman
30:46 Treadmill Crane
34:06 Masonry
33:51 Murder Holes
34:17 Ballistics
34:53 Wheelbarrow
39:31 Imperial Age
37:21 Padded Archer Armor
37:13 Fletching
39:33 Forging
39:23 Scale Mail Armor
39:29 Scale Barding Armor
39:40 Leather Archer Armor
39:20 Bodkin Arrow
40:06 Silk Road
41:04 Conscription
40:54 Caravan
41:18 Heavy Plow
42:59 Hoardings
42:14 Arson
42:34 Light Cavalry
43:14 Husbandry
44:28 Architecture
48:12 Chain Barding Armor
51:17 Chemistry
52:16 Elite Genoese Crossbowman
BingBongBoi
7:35 Loom
11:03 Feudal Age
12:11 Double-Bit Axe
12:23 Horse Collar
19:43 Castle Age
19:44 Stone Mining
19:45 Gold Mining
19:59 Gold Mining
20:35 Bow Saw
20:28 Heavy Plow
21:07 Fletching
21:25 Scale Barding Armor
21:50 Caravan
23:24 Gold Shaft Mining
23:08 Padded Archer Armor
24:19 Wheelbarrow
26:08 Town Watch
29:42 Bodkin Arrow
31:08 Town Patrol
31:24 Hand Cart
32:52 Bimaristan
35:11 Husbandry
35:40 Bloodlines
38:45 Imperial Age
36:57 Chain Barding Armor
36:38 Scale Mail Armor
36:54 Leather Archer Armor
40:08 Coinage
39:43 Bracer
40:19 Plate Barding Armor
40:00 Chain Mail Armor
39:10 Capped Ram
39:14 Light Cavalry
39:38 Elite Mameluke
40:51 Counterweights
41:20 Conscription
41:25 Siege Ram
42:56 Hoardings
42:43 Gambesons
42:59 Squires
42:19 Pikeman
42:20 Man-at-Arms
42:46 Arson
43:35 Ring Archer Armor
43:35 Plate Mail Armor
43:16 Forging
44:32 Two-Man Saw
46:37 Hussar
46:40 Heavy Camel Rider
46:46 Long Swordsman
47:37 Thumb Ring
46:53 Crossbowman
47:02 Elite Skirmisher
47:53 Two-Handed Swordsman
49:00 Forging
49:32 Banking
48:43 Champion
Isaiahtoth43
17:06 Feudal Age
17:32 Loom
18:23 Wheelbarrow
17:59 Horse Collar
21:02 Double-Bit Axe
23:05 Scale Mail Armor
26:42 Stone Mining
26:43 Gold Mining
26:46 Arson
26:22 Man-at-Arms
34:07 Castle Age
33:09 Forging
33:59 Town Watch
35:51 Bow Saw
36:59 Stone Shaft Mining
38:23 Iron Casting
38:04 Chain Mail Armor
37:55 Scale Barding Armor
38:44 Caravan
39:18 Coinage
41:19 Long Swordsman
41:20 Pikeman
43:42 Gold Shaft Mining
43:27 Hand Cart
46:57 Heavy Plow
47:14 Gambesons
48:05 Town Patrol
54:02 Crossbowman
63:31 Imperial Age
Connection lost

Rejoining the realm…

Still unreachable

The connection could not be restored.

Session expired

The server has moved on; the page needs a fresh start.